APL (24 & UNDER)
PENSACOLA PILOTS @ STATE COLLEGE SPIKES
08/12/2026
 
TOP OF THE 1ST
Pensacola Pilots batting - Pitching for State College Spikes : RHP Francisco Álvarez
Pitching: RHP Francisco Álvarez
Batting: RHB Leopoldo Horgan 0-0: Ball
1-0: Ball
2-0: Called Strike
2-1: Called Strike
2-2: Strikes out swinging
Batting: LHB Nick Gamble 0-0: Called Strike
0-1: Ball
1-1: Ball
2-1: Ground out 1-3 (Groundball, 15)
Batting: LHB Alan McGilroy 0-0: Ground out U3 (Groundball, 3L)
Top of the 1st over - 0 run(s), 0 hit(s), 0 error(s), 0 left on base; Pensacola 0 - State College 0
BOTTOM OF THE 1ST
State College Spikes batting - Pitching for Pensacola Pilots : RHP Micheal Wood
Pitching: RHP Micheal Wood
Batting: RHB Alonzo Herrera 0-0: Ball
1-0: Foul Ball, location: 2F
1-1: Ball
2-1: Ball
3-1: Foul Ball, location: 2F
3-2: Ground out 6-3 (Groundball, 6)
Batting: RHB Piotr Zahn 0-0: Ball
1-0: Ball
2-0: SINGLE (Line Drive, 6D)
Batting: SHB Clint Woods 0-0: Called Strike
0-1: Ball
1-1: Ball
2-1: Swinging Strike
2-2: Ball
3-2: Base on Balls
Piotr Zahn to second
Batting: RHB Eric Knight 0-0: Swinging Strike
0-1: Swinging Strike
0-2: Ball
1-2: Ball
2-2: 3-RUN HOME RUN (Flyball, 78XD), Distance : 411 ft
Batting: RHB Martín López 0-0: Called Strike
0-1: Ground out 4-3 (Groundball, 34)
Batting: RHB Javier Peña 0-0: Ball
1-0: Called Strike
1-1: Foul Ball, location: 2F
1-2: Ball
2-2: Foul Ball, location: 2F
2-2: Strikes out swinging, 2-3 out at first.
Bottom of the 1st over - 3 run(s), 2 hit(s), 0 error(s), 0 left on base; Pensacola 0 - State College 3
TOP OF THE 2ND
Pensacola Pilots batting - Pitching for State College Spikes : RHP Francisco Álvarez
Batting: RHB José Cordero 0-0: Swinging Strike
0-1: Fly out, F5 (Line Drive, 5S)
Batting: RHB José Velázquez 0-0: Called Strike
0-1: Foul Ball, location: 2F
0-2: Ball
1-2: Ball
2-2: Foul Ball, location: 2F
2-2: Ball
3-2: Ground out 5-3 (Groundball, 5S)
Batting: RHB Peter Bishop 0-0: Ball
1-0: Ground out 5-3 (Groundball, 56S)
Top of the 2nd over - 0 run(s), 0 hit(s), 0 error(s), 0 left on base; Pensacola 0 - State College 3
BOTTOM OF THE 2ND
State College Spikes batting - Pitching for Pensacola Pilots : RHP Micheal Wood
Batting: SHB Thomas Simmons 0-0: Fly out, F7 (Line Drive, 78S)
Batting: RHB Nick Mackin 0-0: Ball
1-0: Ball
2-0: Ball
3-0: Called Strike
3-1: Called Strike
3-2: Base on Balls
Batting: RHB Joaquín Vásquez 0-0: Ball
1-0: Ball
2-0: SINGLE (Line Drive, 8LS)
Nick Mackin to second
Runner from 2nd tries for 3rd, SAFE, no throw or cutoff
Batting: RHB Alonzo Herrera 0-0: Called Strike
0-1: Swinging Strike
0-2: Fly out, F8 (Flyball, 8RXD)
Runner from 3rd tags up, SCORES, no throw
Batting: RHB Piotr Zahn 0-0: Ball
1-0: Called Strike
1-1: Ball
Joaquín Vásquez steals 2nd base
2-1: Ball
3-1: Base on Balls
Batting: SHB Clint Woods 0-0: Ball
1-0: Swinging Strike
1-1: Swinging Strike
1-2: Fly out, F9 (Flyball, 89S)
Bottom of the 2nd over - 1 run(s), 1 hit(s), 0 error(s), 2 left on base; Pensacola 0 - State College 4
TOP OF THE 3RD
Pensacola Pilots batting - Pitching for State College Spikes : RHP Francisco Álvarez
Batting: LHB Wilson Vecino 0-0: Foul Ball, location: 2F
0-1: Swinging Strike
0-2: Ball
1-2: Ball
2-2: Foul Ball, location: 2F
2-2: Ball
3-2: Strikes out looking
Batting: RHB Markus Cummins 0-0: Fly out, F7 (Flyball, 78M)
Batting: RHB Roberto Gómez 0-0: Called Strike
0-1: Foul Ball, location: 2F
0-2: Ball
1-2: Strikes out swinging
Top of the 3rd over - 0 run(s), 0 hit(s), 0 error(s), 0 left on base; Pensacola 0 - State College 4
BOTTOM OF THE 3RD
State College Spikes batting - Pitching for Pensacola Pilots : RHP Micheal Wood
Batting: RHB Eric Knight 0-0: Ball
1-0: Ball
2-0: Ball
3-0: Base on Balls
Batting: RHB Martín López 0-0: Foul Ball, location: 2F
0-1: Grounds into double play, 6-4-3 (Groundball, 6)
Batting: RHB Javier Peña 0-0: Ball
1-0: Ball
2-0: Foul Ball, location: 2F
2-1: Ball
3-1: Fly out, F3 (Popup, 13)
Bottom of the 3rd over - 0 run(s), 0 hit(s), 0 error(s), 0 left on base; Pensacola 0 - State College 4
TOP OF THE 4TH
Pensacola Pilots batting - Pitching for State College Spikes : RHP Francisco Álvarez
Batting: RHB Leopoldo Horgan 0-0: Ground out 1-3 (Groundball, 15S)
Batting: LHB Nick Gamble 0-0: Foul Ball, location: 2F
0-1: Ball
1-1: Ground out 4-3 (Groundball, 4)
Batting: LHB Alan McGilroy 0-0: Ball
1-0: Ball
2-0: Swinging Strike
2-1: Ball
3-1: Called Strike
3-2: Strikes out swinging
Top of the 4th over - 0 run(s), 0 hit(s), 0 error(s), 0 left on base; Pensacola 0 - State College 4
BOTTOM OF THE 4TH
State College Spikes batting - Pitching for Pensacola Pilots : RHP Micheal Wood
Batting: SHB Thomas Simmons 0-0: Ball
1-0: Ball
2-0: Ball
3-0: Called Strike
3-1: Base on Balls
Batting: RHB Nick Mackin 0-0: Ball
1-0: Ball
2-0: Called Strike
2-1: Called Strike
2-2: SINGLE (Groundball, 6D)
Thomas Simmons to second
Batting: RHB Joaquín Vásquez 0-0: Fly out, F7 (Flyball, 7M)
Batting: RHB Alonzo Herrera 0-0: Called Strike
0-1: Ball
1-1: Grounds into double play, 6-4-3 (Groundball, 6)
Bottom of the 4th over - 0 run(s), 1 hit(s), 0 error(s), 1 left on base; Pensacola 0 - State College 4
TOP OF THE 5TH
Pensacola Pilots batting - Pitching for State College Spikes : RHP Francisco Álvarez
Batting: RHB José Cordero 0-0: Ball
1-0: Ball
2-0: Ball
3-0: Base on Balls
Batting: RHB José Velázquez 0-0: Called Strike
0-1: Swinging Strike
0-2: Ball
1-2: Ball
2-2: Strikes out looking
Batting: RHB Peter Bishop 0-0: Ball
1-0: Called Strike
José Cordero steals 2nd base
1-1: Called Strike
1-2: Ball
2-2: Fly out, F6 (Popup, 6D)
Batting: LHB Wilson Vecino 0-0: Foul Ball, location: 2F
0-1: Ball
1-1: Swinging Strike
1-2: Ball
2-2: Ball
3-2: Foul Ball, location: 2F
3-2: Foul Ball, location: 2F
3-2: Foul Ball, location: 2F
3-2: Base on Balls
Batting: RHB Markus Cummins 0-0: Ball
1-0: Ball
2-0: Swinging Strike
2-1: Foul Ball, location: 2F
2-2: Strikes out swinging
Top of the 5th over - 0 run(s), 0 hit(s), 0 error(s), 2 left on base; Pensacola 0 - State College 4
BOTTOM OF THE 5TH
State College Spikes batting - Pitching for Pensacola Pilots : RHP Micheal Wood
Batting: RHB Piotr Zahn 0-0: SINGLE (Groundball, 5D)
Batting: SHB Clint Woods 0-0: Called Strike
0-1: Swinging Strike
0-2: Foul Ball, location: 2F
0-2: Fielders Choice at 2nd, 1-6 (Groundball, 15)
Batting: RHB Eric Knight 0-0: Called Strike
0-1: Ball
1-1: Ball
2-1: Ball
3-1: Grounds into double play, U6-3 (Groundball, 6)
Bottom of the 5th over - 0 run(s), 1 hit(s), 0 error(s), 0 left on base; Pensacola 0 - State College 4
TOP OF THE 6TH
Pensacola Pilots batting - Pitching for State College Spikes : RHP Francisco Álvarez
Batting: RHB Roberto Gómez 0-0: Called Strike
0-1: Swinging Strike
0-2: Ball
1-2: Strikes out looking
Batting: RHB Leopoldo Horgan 0-0: Ball
1-0: Called Strike
1-1: Ball
2-1: Ball
3-1: Base on Balls
Batting: LHB Nick Gamble 0-0: Called Strike
0-1: Ball
1-1: Ball
2-1: Called Strike
2-2: Strikes out looking
Batting: LHB Alan McGilroy 0-0: Ball
1-0: Called Strike
1-1: Ball
2-1: Called Strike
Leopoldo Horgan steals 2nd base
2-2: Ball
3-2: Foul Ball, location: 2F
3-2: Foul Ball, location: 2F
3-2: Strikes out swinging
Top of the 6th over - 0 run(s), 0 hit(s), 0 error(s), 1 left on base; Pensacola 0 - State College 4
BOTTOM OF THE 6TH
State College Spikes batting - Pitching for Pensacola Pilots : RHP Micheal Wood
Pitching: RHP Pedro Vargas
Batting: RHB Martín López 0-0: Called Strike
0-1: Ball
1-1: Called Strike
1-2: Ball
2-2: Ball
3-2: Strikes out swinging
Batting: RHB Javier Peña 0-0: Swinging Strike
0-1: Called Strike
0-2: Foul Ball, location: 2F
0-2: Ball
1-2: Ball
2-2: SINGLE (Groundball, 6)
Batting: SHB Thomas Simmons 0-0: Ball
1-0: Ball
2-0: Ball
3-0: Called Strike
3-1: Called Strike
3-2: Grounds into double play, 1-6-3 (Groundball, 15S)
Bottom of the 6th over - 0 run(s), 1 hit(s), 0 error(s), 0 left on base; Pensacola 0 - State College 4
TOP OF THE 7TH
Pensacola Pilots batting - Pitching for State College Spikes : RHP Francisco Álvarez
Batting: RHB José Cordero 0-0: Ball
1-0: Ground out 1-3 (Groundball, 13S)
Batting: RHB José Velázquez 0-0: Ball
1-0: Called Strike
1-1: Called Strike
1-2: Ball
2-2: SINGLE (Line Drive, 8LS)
Pitching: RHP Esteban Garza
Batting: RHB Peter Bishop 0-0: 2-RUN HOME RUN (Flyball, 9D), Distance : 410 ft
Batting: LHB Wilson Vecino 0-0: Called Strike
0-1: Ball
1-1: Foul Ball, location: 2F
1-2: Ball
2-2: Fly out, F5 (Popup, 5F)
Batting: RHB Markus Cummins 0-0: Swinging Strike
0-1: Ball
1-1: Fly out, F9 (Flyball, 9M)
Top of the 7th over - 2 run(s), 2 hit(s), 0 error(s), 0 left on base; Pensacola 2 - State College 4
BOTTOM OF THE 7TH
State College Spikes batting - Pitching for Pensacola Pilots : RHP Pedro Vargas
Batting: RHB Nick Mackin 0-0: Ball
1-0: Ball
2-0: Ball
3-0: Called Strike
3-1: SINGLE (Line Drive, 9S)
Batting: RHB Joaquín Vásquez 0-0: Ball
1-0: Reached on error, E1 (Groundball, 15)
Nick Mackin to third
Batting: RHB Alonzo Herrera 0-0: SINGLE (Flyball, 8RS)
Nick Mackin scores
Joaquín Vásquez to third
Runner from 3rd tries for Home, SAFE, no throw or cutoff
Batting: RHB Piotr Zahn 0-0: Called Strike
0-1: Ball
1-1: Ball
2-1: Called Strike
2-2: Ball
Passed Ball!
Alonzo Herrera to second
3-2: Ground out 6-3 (Groundball, 6)
Alonzo Herrera to third
Batting: SHB Clint Woods 0-0: Intentional Walk
Batting: RHB Eric Knight 0-0: Ball
1-0: Ball
2-0: Ball
3-0: Base on Balls
Clint Woods to second
Batting: RHB Martín López 0-0: Called Strike
0-1: Called Strike
0-2: Ball
1-2: Strikes out swinging
Batting: RHB Javier Peña 0-0: Ball
1-0: Ball
2-0: Ball
3-0: Called Strike
3-1: SINGLE (Line Drive, 89M)
Alonzo Herrera scores
Clint Woods to third
Eric Knight to second
Runner from 3rd tries for Home, SAFE, no throw or cutoff
Batting: SHB Thomas Simmons 0-0: Ball
1-0: Ball
2-0: Called Strike
2-1: Called Strike
2-2: Ball
3-2: SINGLE (Groundball, 3D)
Eric Knight to third
Javier Peña to second
Eric Knight scores
Javier Peña to third
Batting: RHB Nick Mackin 0-0: SINGLE (Line Drive, 4MD)
Javier Peña scores
Thomas Simmons to second
Batting: RHB Joaquín Vásquez 0-0: Ball
1-0: Foul Ball, location: 2F
1-1: Fielders Choice at 2nd, U4 (Groundball, 4M)
Bottom of the 7th over - 6 run(s), 5 hit(s), 1 error(s), 2 left on base; Pensacola 2 - State College 10
TOP OF THE 8TH
Pensacola Pilots batting - Pitching for State College Spikes : RHP Esteban Garza
Batting: RHB Roberto Gómez 0-0: Ball
1-0: Ball
2-0: Ball
3-0: Base on Balls
Batting: RHB Leopoldo Horgan 0-0: Foul Ball, location: 2F
0-1: Called Strike
0-2: Foul Ball, location: 2F
0-2: Ball
1-2: Ball
2-2: Foul Ball, location: 2F
2-2: Ball
3-2: Base on Balls
Roberto Gómez to second
Batting: LHB Nick Gamble 0-0: Called Strike
0-1: Called Strike
0-2: Ball
1-2: Strikes out swinging
Batting: LHB Alan McGilroy 0-0: Ground out 3-1 (Groundball, 34)
Roberto Gómez to third
Leopoldo Horgan to second
Batting: RHB José Cordero 0-0: Ground out 4-3 (Groundball, 34)
Top of the 8th over - 0 run(s), 0 hit(s), 0 error(s), 2 left on base; Pensacola 2 - State College 10
BOTTOM OF THE 8TH
State College Spikes batting - Pitching for Pensacola Pilots : RHP Pedro Vargas
Batting: RHB Alonzo Herrera 0-0: Ball
1-0: Called Strike
1-1: Ball
2-1: Swinging Strike
2-2: Strikes out swinging
Batting: RHB Piotr Zahn 0-0: Fly out, F9 (Flyball, 9M)
Batting: SHB Clint Woods 0-0: Called Strike
0-1: Foul Ball, location: 2F
0-2: Ball
1-2: Fly out, F6 (Popup, 56)
Bottom of the 8th over - 0 run(s), 0 hit(s), 0 error(s), 0 left on base; Pensacola 2 - State College 10
TOP OF THE 9TH
Pensacola Pilots batting - Pitching for State College Spikes : RHP Esteban Garza
Batting: RHB José Velázquez 0-0: Ball
1-0: Ball
2-0: Called Strike
2-1: Fly out, F4 (Popup, 34D)
Batting: RHB Peter Bishop 0-0: Foul Ball, location: 2F
0-1: Ball
1-1: Ball
2-1: Ball
3-1: Called Strike
3-2: Strikes out swinging
Batting: LHB Wilson Vecino 0-0: Ball
1-0: Swinging Strike
1-1: Called Strike
1-2: Strikes out looking
Top of the 9th over - 0 run(s), 0 hit(s), 0 error(s), 0 left on base; Pensacola 2 - State College 10
Monday, December 5th, 2016 - OOTP Baseball 17.12 Build 75